AoeStats
← DiegoAzul10

Arena

510255142Analyzed
4v4 RM · 9h ago on Sep 30, 2026· 30m 21s· 8 players
Game mode
Random Map
Map size
Large (8 player)
Population
200
Speed
Normal
Resources
Standard
Victory
Conquest
Starting age
Dark Age
Ending age
Imperial Age
RankedLock teamsTeams togetherTeam positionsShared explorationLock speedFull tech treeHidden civsTurbo modeCheats
Victory
Defeat
🇦🇷 Chinese · Argentina
1526
+11
🇦🇷 Tupi · Argentina
1465
+13
🇳🇴 Burgundians · Norway
1414
+15
🇦🇷 Vikings · Argentina
1333
+18
🇲🇽 Franks · Mexico
1485
-18
🇲🇽 Persians · Mexico
1380
-14
🇨🇴 Mongols · Colombia
1364
-13
🇲🇽 Khmer · Mexico
1351
-12
[A2PL]Jdbcervantes
10:13 Feudal Age
13:19 Castle Age
13:11 Double-Bit Axe
13:09 Horse Collar
16:38 Bow Saw
17:28 Loom
19:58 Wheelbarrow
21:40 Crossbowman
22:17 Fletching
22:28 Padded Archer Armor
22:46 Gold Mining
23:09 Bodkin Arrow
26:26 Hand Cart
30:32 Imperial Age
DiegoAzul10
11:02 Feudal Age
14:47 Castle Age
13:05 Double-Bit Axe
16:16 Bow Saw
16:10 Gold Mining
17:26 Town Watch
17:31 Loom
18:54 Fortified Wall
27:23 Wheelbarrow
30:13 Imperial Age
28:48 Hand Cart
30:24 Masonry
[A2PL] ThaNaThoS
8:46 Feudal Age
11:36 Loom
16:22 Castle Age
19:15 Fletching
20:49 Horse Collar
21:34 Bodkin Arrow
22:45 Double-Bit Axe
25:56 Town Watch
27:14 Padded Archer Armor
[A2PL]JUANDDCAB
9:59 Feudal Age
14:12 Castle Age
16:51 Double-Bit Axe
17:55 Loom
24:46 Bow Saw
25:15 Scale Barding Armor
PNAL | ToroARG
10:53 Feudal Age
14:52 Castle Age
13:05 Double-Bit Axe
13:08 Horse Collar
17:23 Bow Saw
17:56 Heavy Plow
25:23 Squires
25:26 Scale Mail Armor
25:36 Forging
25:41 Gold Mining
25:53 Loom
25:55 Town Watch
28:19 Iron Casting
27:59 Chain Mail Armor
29:03 Chain Mail Armor
28:36 Arson
PNAL | Trafalgar
0:26 Loom
9:58 Feudal Age
10:14 Feudal Age
10:22 Feudal Age
14:16 Castle Age
13:02 Double-Bit Axe
12:59 Horse Collar
15:54 Bow Saw
17:43 Fletching
18:05 Town Watch
19:47 Gold Mining
25:47 Imperial Age
23:54 Bodkin Arrow
24:40 Ballistics
24:55 Padded Archer Armor
26:32 Leather Archer Armor
27:19 Bracer
28:21 Chemistry
29:39 Two-Man Saw
30:32 Ring Archer Armor
PNAL | ale_petro
10:50 Feudal Age
11:50 Loom
14:36 Castle Age
13:36 Double-Bit Axe
17:44 Fletching
19:36 Bodkin Arrow
29:40 Imperial Age
29:34 Bow Saw
29:53 Padded Archer Armor
31:49 Chemistry
30:54 Bracer
PNAL | Machete
8:18 Feudal Age
7:06 Double-Bit Axe
7:50 Loom
10:40 Fletching
15:55 Horse Collar
19:01 Wheelbarrow
18:47 Bow Saw
22:14 Gold Mining
22:46 Town Watch
23:11 Heavy Plow
26:42 Castle Age
26:54 Gold Shaft Mining
26:59 Scale Mail Armor
28:39 Two-Man Saw
28:11 Chain Mail Armor
30:49 Imperial Age
28:51 Guard Tower
29:58 Bodkin Arrow
31:05 Masonry
Connection lost

Rejoining the realm…

Still unreachable

The connection could not be restored.

Session expired

The server has moved on; the page needs a fresh start.